 Dungeon Crawl Stone Soup version 0.28.0-45-g0d030f2227 (webtiles) character file.

Game seed: 791533131595075695

105 issech the Cudgeller (level 4, -4/44 HPs)
             Began as a Troll Monk on Apr 13, 2022.
             Slain by a hobgoblin
             ... wielding a +0 trident
              (7 damage)
             ... on level 3 of the Dungeon.
             The game lasted 00:05:33 (1933 turns).

issech the Cudgeller (Troll Monk)                   Turns: 1933, Time: 00:05:33

Health: -4/44      AC:  4    Str: 19    XL:     4   Next: 53%
Magic:  3/3        EV: 10    Int:  6    God:
Gold:   47         SH:  0    Dex: 14    Spells: 3/3 levels left

rFire   . . .      SeeInvis .   n - +0 great mace
rCold   . . .      Faith    .   (shield currently unavailable)
rNeg    . . .      Spirit   .   b - +0 robe
rPois   .          Reflect  .   (helmet restricted)
rElec   .          Harm     .   (no cloak)
rCorr   .          Rampage  .   (gloves unavailable)
Will    .....                   (boots unavailable)
Stlth   ++........              (no amulet)
HPRegen 0.94/turn               (no ring)
MPRegen 0.08/turn               (no ring)

@: no status effects
A: large, unfitting armour, claws 3, regeneration 1, shaggy fur 1, tough skin 1
a: no special abilities


You were on level 3 of the Dungeon.
You visited 1 branch of the dungeon, and saw 3 of its levels.

You collected 47 gold pieces.

Inventory:

Hand Weapons
 a - a +0 mace
 n - a +0 great mace (weapon)
 p - a +1 dagger of speed
 q - a +0 hunting sling
Missiles
 e - 28 bolts
 f - 131 stones (quivered)
Armour
 b - a +0 robe (worn)
Jewellery
 c - a +4 ring of evasion
 d - an amulet of faith
 j - a ring of fire
Scrolls
 g - a scroll of enchant armour {unknown}
 h - 4 scrolls of identify {unknown}
 k - a scroll of fog {unknown}
 l - a scroll of summoning {unknown}
 m - 2 scrolls of teleportation {unknown}
 o - a scroll of torment {unknown}
Potions
 i - 2 potions of brilliance {unknown}
 r - a potion of degeneration {unknown}


   Skills:
 + Level 2.8 Fighting
 + Level 3.7 Maces & Flails
 + Level 3.0 Dodging
 + Level 1.6 Stealth


You had 3 spell levels left.
You didn't know any spells.
Your spell library was empty.

Dungeon Overview and Level Annotations

Branches:
Dungeon (3/15)

Altars:
Nemelex Xobeh


Innate Abilities, Weirdness & Mutations

You are too large for most types of armour.
You have claws for hands.
Your natural rate of healing is unusually fast.
You are covered in fur. (AC +1)
You have tough skin. (AC +1)


Message History

Things that are here:
a +0 short sword; a kobold corpse
Things that are here:
a worm corpse; a quokka corpse You see here a +0 dagger.
There is a stone staircase leading down here.
You start resting.
HP restored.
You climb downwards.
The bat hits you but does no damage.
There is a stone staircase leading up here.
You closely miss the bat. The bat hits you but does no damage.
The bat barely misses you. The bat closely misses you.
The gnoll barely misses you.
The hobgoblin hits you with a +0 trident.
You barely miss the hobgoblin. The bat hits you but does no damage. x2
The gnoll throws a throwing net.
The throwing net barely misses you.
The throwing net barely misses the bat.
The hobgoblin closely misses you. The gnoll barely misses you.
You barely miss the hobgoblin. The bat closely misses you. x2
The gnoll hits you but does no damage.
The hobgoblin hits you with a +0 trident.
The bat hits you but does no damage. The gnoll barely misses you. x2
The hobgoblin hits you with a +0 trident.
The gnoll barely misses you.
You sock the bat!
You kill the bat!
The gnoll barely misses you.
The gnoll hits you from afar with a +0 spear.
The hobgoblin hits you with a +0 trident.
The gnoll hits you from afar with a +0 halberd!
You barely miss the gnoll. The gnoll closely misses you.
The gnoll hits you from afar with a +0 spear.
The hobgoblin barely misses you. The gnoll closely misses you.
The gnoll hits you from afar with a +0 halberd!
* * * LOW HITPOINT WARNING * * *
The gnoll hits you from afar with a +0 spear.
* * * LOW HITPOINT WARNING * * *
The gnoll barely misses you.
The hobgoblin hits you with a +0 trident!
You die...

.........$...#
.............#
.............#
.............###
................
.....g$g........
.........g......
......g@g.......
......#.........
..... #.$.......
.... #.........
... #..(......
.. #......... #
.........#
.........#
.....)....#


You could see 4 gnolls and a hobgoblin.

Vanquished Creatures
  A jelly (D:2)
  An adder (D:2)
  2 worms (D:2)
  9 ball pythons
  9 endoplasms
  2 giant cockroaches (D:1)
  7 goblins
  A hobgoblin (D:1)
  2 jackals (D:2)
  2 quokkas (D:2)
  3 bats
  5 frilled lizards
  8 kobolds (D:2)
  2 rats (D:2)
54 creatures vanquished.

Vanquished Creatures (others)
  5 fungi (D:2)
  7 toadstools (D:2)
12 creatures vanquished.

Grand Total: 66 creatures vanquished

Notes
Turn   | Place    | Note
-------+----------+-------------------------------------------
     0 | D:1      | issech the Troll Monk began the quest for the Orb.
     0 | D:1      | Reached XP level 1. HP: 22/22 MP: 0/0
    90 | D:1      | Found a faded altar of an unknown god.
   219 | D:1      | Reached XP level 2. HP: 29/29 MP: 1/1
  1304 | D:2      | Reached XP level 3. HP: 33/36 MP: 2/2
  1339 | D:2      | Found a sparkling altar of Nemelex Xobeh.
  1539 | D:2      | Reached XP level 4. HP: 44/44 MP: 3/3
  1933 | D:3      | Slain by a hobgoblin

Illustrated notes

Levels and vault maps discovered:
D:1:      nzn_arrival_depleted_hourglass, layout_basic, basic_ecumenical_altar,
          st_stairs_10
D:2:      cheibrodos_fertilizer, layout_basic,
          nicolae_concentric_dashed_squares_mild, minmay_hexomino_r4
D:3:      layout_basic, minmay_misc_feat_roman, minmay_misc_feat_cross

Skill      XL: |  1  2  3  4 |
---------------+-------------+-----
Maces & Flails | 3 |  3.7
Dodging        | 3 |  3.0
Fighting       | |  2.8
Stealth        | |  1.6

Action                   |  1- 3 |  4- 6 || total
-------------------------+-------+-------++-------
Melee: Mace              |   105 |       ||   105
       Punch             |     2 |       ||     2
       Great mace        |     4 |    33 ||    37
Throw: Stone             |     4 |       ||     4
 Stab: Sleeping          |     4 |     1 ||     5
Armor: Robe              |    55 |    12 ||    67
Dodge: Dodged            |    74 |    43 ||   117
